 Dungeon Crawl Stone Soup version 0.28-a0-1365-g7e0445c96d (webtiles) character file.

Game seed: 5932203247868508678

21753 1994 the Dealer of Despair (level 12, -2/97 HPs)
             Began as a Mummy Necromancer on Dec 31, 2021.
             Was an Elder of Kikubaaqudgha.
             Slain by a cane toad (7 damage)
             ... on level 1 of the Lair of Beasts.
             The game lasted 01:05:51 (17595 turns).

1994 the Dealer of Despair (Mummy Necromancer)     Turns: 17595, Time: 01:05:52

Health: -2/97      AC: 18    Str: 12    XL:     12   Next: 57%
Magic:  24/36      EV: 12    Int: 19    God:    Kikubaaqudgha [****..]
Gold:   703        SH:  5    Dex: 12    Spells: 7/34 levels left

rFire   x . .      SeeInvis .   a - +0 rapier (pain)
rCold   + . .      Faith    .   (no shield)
rNeg    + + +      Spirit   .   G - +0 troll leather armour
rPois   ∞          Reflect  +   z - +0 helmet
rElec   +          Harm     .   F - +2 cloak {rCorr}
rCorr   +          Rampage  .   B - +2 pair of gloves
Will    +....                   j - +2 pair of boots "Amnirhui" {rElec}
Stlth   +.........              s - amulet of reflection
HPRegen 1.06/turn               o - +4 ring of protection
MPRegen 0.25/turn               c - ring of magical power

@: no status effects
A: cold resistance 1, negative energy resistance 3, torment resistance 2, heat
vulnerability 1, no potions
a: Renounce Religion, Receive Corpses


You were on level 1 of the Lair of Beasts.
You worshipped Kikubaaqudgha.
Kikubaaqudgha was greatly pleased with you.
You visited 3 branches of the dungeon, and saw 14 of its levels.
You visited the Abyss 1 time.
You also visited: Bailey.

You collected 703 gold pieces.

Inventory:

Hand Weapons
 a - a +0 rapier of pain (weapon)
 A - a +1 dagger
Missiles
 e - 74 bolts
 h - 300 stones
 i - 11 boomerangs
 q - 22 poisoned darts (quivered)
 t - a curare-tipped dart
 u - 80 sling bullets
 C - 4 javelins
 H - a throwing net
Armour
 d - a +0 kite shield
 j - the +2 pair of boots "Amnirhui" (worn) {rElec}
   (You acquired it on level 8 of the Dungeon)

   rElec:     It insulates you from electricity.
 y - an orb of guile
 z - a +0 helmet (worn)
 B - a +2 pair of gloves (worn)
 D - a +0 hat of see invisible
 E - +0 acid dragon scales
 F - a +2 cloak of preservation (worn)
 G - a +0 troll leather armour (worn)
 L - a +0 leather armour of cold resistance
Magical Staves
 b - a staff of death
Jewellery
 c - a ring of magical power (right hand)
 m - a ring of protection from cold
 o - a +4 ring of protection (left hand)
 s - an amulet of reflection (around neck)
 v - an amulet of magic regeneration
Wands
 p - a wand of iceblast (6)
 J - a wand of flame (9)
Scrolls
 f - a scroll of blinking
 g - a scroll of acquirement
 k - 2 scrolls of vulnerability
 l - 5 scrolls of teleportation
 n - 3 scrolls of immolation
 r - a scroll of torment
 w - 2 scrolls of silence
 x - 4 scrolls of fear
 I - 8 scrolls of identify
 K - 6 scrolls of summoning
 M - a scroll of holy word {unknown}


   Skills:
 + Level 9.7 Fighting
 * Level 4.7 Short Blades
 - Level 2.6 Dodging
 - Level 1.5 Stealth
 + Level 11.8 Spellcasting
 * Level 14.2 Necromancy
 * Level 5.1 Earth Magic


You had 7 spell levels left.
You knew the following spells:

 Your Spells              Type           Power      Damage    Failure   Level
a - Pain                  Necr           100%       1d9       1%          1
b - Animate Dead          Necr           30%        N/A       2%          4
c - Vampiric Draining     Necr           60%        2d10      1%          3
d - Agony                 Necr           60%        N/A       4%          5
e - Borgnjor's Vile Clut  Necr/Erth      23%        N/A       13%         5
f - Dispel Undead         Necr           60%        3d21      2%          4
g - Excruciating Wounds   Necr           30%        N/A       4%          5

Your spell library contained the following spells:

 Spells                   Type           Power      Damage    Failure   Level
 Animate Skeleton         Necr           100%       N/A       1%          1
 Corpse Rot               Necr/Air       76%        N/A       4%          2
 Sting                    Tmut/Pois      44%        1d5       21%         1
 Poisonous Vapours        Pois/Air       22%        N/A       28%         2
 Scorch                   Fire           22%        2d6       28%         2
 Petrify                  Tmut/Erth      20%        N/A       47%         4
 Airstrike                Air            5%         N/A       80%         4
 Flame Wave               Conj/Fire      11%        2d5       80%         4
 Olgreb's Toxic Radiance  Pois           11%        N/A       80%         4
 Sticky Flame             Conj/Fire      11%        2d3       80%         4
 Summon Lightning Spire   Summ/Air       11%        N/A       80%         4
 Lightning Bolt           Conj/Air       5%         1d17      98%         5
 Metabolic Englaciation   Hex/Ice        5%         N/A       98%         5
 Dispersal                Tloc           5%         N/A       100%        6
 Malign Gateway           Summ/Tloc      5%         N/A       100%        7
 Disjunction              Tloc           5%         N/A       100%        8
 Summon Horrible Things   Summ           5%         N/A       100%        8
 Statue Form              Tmut/Erth      Unusable   N/A       N/A         6

Dungeon Overview and Level Annotations

Branches:
Dungeon (12/15)            Temple (1/1) D:5            Lair (1/6) D:10
    Orc (0/2) D:11         Bailey (visited)

Altars:
Ashenzari
Cheibriados
Dithmenos
Elyvilon
Fedhas
Gozag
Hepliaklqana
Kikubaaqudgha
Makhleb
Nemelex Xobeh
Okawaru
Qazlal
Ru
Sif Muna
Trog
Uskayaw
Vehumet
Wu Jian
Xom
Yredelemnul
Zin
The Shining One
Jiyva

Shops:
D:1 (

Annotations:
D:3 Grinder


Innate Abilities, Weirdness & Mutations

You are immune to poison.
Your flesh is cold resistant. (rC+)
You are immune to negative energy. (rN+++)
You are immune to unholy pain and torment.
You are vulnerable to heat. (rF-)
You do not drink.


Message History

You hit the yak.
The yak writhes in agony.
The yak is moderately wounded.
Your water moccasin zombie bites the cane toad.
The cane toad stings your yak zombie! The bullfrog barely misses you.
Unknown command.
Unknown command.
You closely miss the yak.
The yak is moderately wounded.
Your water moccasin zombie barely misses the cane toad.
The bullfrog hits you but does no damage.
The yak gores you!
Your yak zombie barely misses the cane toad.
The cane toad stings your yak zombie!!
Your yak zombie is destroyed!
Your water moccasin zombie barely misses the cane toad.
Unknown command.
Unknown command.
You hit the yak.
The yak writhes in agony!
The yak is severely wounded.
You block the bullfrog's attack. The yak gores you.
The bullfrog barely misses you.
Unknown command.
You hit the yak.
The yak is severely wounded.
The yak gores you but does no damage. The cane toad stings you!
* * * LOW HITPOINT WARNING * * *
You block the bullfrog's attack.
Your water moccasin zombie bites the cane toad but does no damage.
Unknown command.
Unknown command.
You completely miss the yak.
The yak is severely wounded.
The bullfrog barely misses you. The cane toad stings you!
* * * LOW HITPOINT WARNING * * *
The yak gores you!
* * * LOW HITPOINT WARNING * * *
Your water moccasin zombie closely misses the cane toad.
The bullfrog misses you. The cane toad stings you!
You die...
Kikubaaqudgha rasps: "You have failed me!
Welcome... oblivion!"

##.# P.# ##.# #.# #####
#### ### ## #.#
###..P###.P#####.##.#####
...
...............Z.........
...
...............FY........
[...............@F.......
.........................
.........................
.<...................[...
.........................
.......^.................
.........................
........................
........................


You could see a yak, a cane toad (ally target), a bullfrog and a friendly water
moccasin zombie.

Vanquished Creatures
  Josephine (D:10)
  The ghost of Mageowned the Fighter, a journeyman MiBe of Trog (D:10)
  3 hydras
  A two-headed ogre (D:10)
  A dancing weapon (D:10)
  5 orc knights (Bailey)
  An ugly thing (D:10)
  A manticore (D:11)
  2 cane toads (Lair:1)
  Psyche (D:8)
  A troll (D:10)
  5 slime creatures (D:12)
  Sigmund (D:3)
  A shadow (D:11)
  5 wraiths
  2 vampires
  2 wyverns
  A basilisk (Lair:1)
  17 yaks
  3 vampire mosquitoes (D:10)
  A steam dragon (D:8)
  A warg (D:11)
  2 acid dragons
  A water moccasin (Lair:1)
  A sky beast (D:7)
  13 orc warriors
  3 wolves (D:10)
  5 ogres
  10 centaurs
  A kobold brigand (D:9)
  9 bullfrogs
  3 scorpions
  A water moccasin skeleton (D:5)
  22 killer bees
  10 wights
  4 electric eels (D:10)
  7 howler monkeys
  2 centaur zombies (D:9)
  A bullfrog zombie (D:5)
  Crazy Yiuf (D:7)
  6 hounds
  A gnoll shaman (D:8)
  5 jellies
  2 orc priests (D:9)
  Natasha (thrice) (D:2)
  3 iguanas
  8 orc wizards
  A statue (D:12)
  A killer bee zombie (D:8)
  A hound skeleton (D:4)
  9 gnolls
  13 adders
  A white imp (D:5)
  2 ufetubi
  2 worms
  3 dart slugs
  47 orcs
  7 ball pythons
  5 endoplasms
  4 giant cockroaches
  12 goblins
  6 hobgoblins
  6 jackals
  6 quokkas
  3 bats
  A frilled lizard (D:1)
  13 kobolds
  6 rats
330 creatures vanquished.

Vanquished Creatures (collateral kills)
  An orc knight (Bailey)
  An orc warrior (Bailey)
  A water moccasin zombie (D:5)
  A wight (D:6)
  An orc (Bailey)
5 creatures vanquished.

Vanquished Creatures (others)
  An orc (D:8)
  5 fungi (D:7)
  2 plants (Lair:1)
8 creatures vanquished.

Grand Total: 343 creatures vanquished

Notes
Turn   | Place    | Note
-------+----------+-------------------------------------------
     0 | D:1      | 1994 the Mummy Necromancer began the quest for the Orb.
     0 | D:1      | Reached XP level 1. HP: 13/13 MP: 4/4
   257 | D:1      | Reached XP level 2. HP: 20/20 MP: 0/5
   372 | D:1      | Found a faded altar of an unknown god.
   572 | D:1      | Found Deofas's Weapon Emporium.
   668 | D:1      | Reached skill level 1 in Fighting
   668 | D:1      | Reached XP level 3. HP: 26/26 MP: 2/7
  1051 | D:2      | Noticed Natasha
  1061 | D:2      | Killed Natasha
  1321 | D:2      | Reached XP level 4. HP: 32/32 MP: 6/9
  1376 | D:2      | Noticed Natasha
  1385 | D:2      | Killed Natasha
  1386 | D:2      | Reached skill level 5 in Necromancy
  1694 | D:2      | Noticed Natasha
  1809 | D:2      | Killed Natasha
  1810 | D:2      | Reached XP level 5. HP: 24/38 MP: 5/11
  2275 | D:2      | Learned a level 3 spell: Vampiric Draining
  2280 | D:2      | Learned a level 4 spell: Animate Dead
  2466 | D:3      | Noticed Sigmund
  2519 | D:3      | Killed Sigmund
  2520 | D:3      | Reached skill level 6 in Necromancy
  2520 | D:3      | Reached XP level 6. HP: 45/46 MP: 7/13
  2578 | D:3      | Learned a level 5 spell: Agony
  2602 | D:3      | Noticed Grinder
  3676 | D:4      | Reached skill level 5 in Spellcasting
  4062 | D:4      | Reached XP level 7. HP: 44/52 MP: 9/14
  4511 | D:5      | Entered Level 5 of the Dungeon
  4763 | D:5      | Reached skill level 7 in Necromancy
  5211 | D:5      | Found a staircase to the Ecumenical Temple.
  5216 | Temple   | Entered the Ecumenical Temple
  5541 | Temple   | Became a worshipper of Kikubaaqudgha
  6011 | D:5      | Reached XP level 8. HP: 44/61 MP: 1/17
  6684 | D:6      | Reached skill level 8 in Necromancy
  6894 | D:5      | Reached skill level 5 in Fighting
  7165 | D:6      | Reached skill level 9 in Necromancy
  7408 | D:6      | Found a sparkling altar of Nemelex Xobeh.
  7735 | D:7      | Found a runed translucent door.
  7736 | D:7      | Noticed Crazy Yiuf
  7770 | D:7      | Killed Crazy Yiuf
  7827 | D:7      | Reached XP level 9. HP: 69/69 MP: 17/20
  8003 | D:6      | Cast into level 1 of the Abyss (wight)
  8056 | Abyss:1  | Noticed a thrashing horror
  8098 | D:6      | Escaped the Abyss
  9593 | D:8      | You fall into a shaft and drop 2 floors!
  9593 | D:10     | Entered Level 10 of the Dungeon
  9593 | D:10     | Noticed a troll
  9597 | D:10     | Reached skill level 10 in Necromancy
  9620 | D:10     | Killed a troll
  9891 | D:9      | Reached * piety under Kikubaaqudgha
  9891 | D:9      | Received a gift from Kikubaaqudgha
 10344 | D:9      | Reached XP level 10. HP: 79/79 MP: 22/22
 10345 | D:9      | Found a flagged portal.
 10384 | Bailey   | Entered a bailey
 10432 | Bailey   | Reached skill level 11 in Necromancy
 10533 | Bailey   | Reached ** piety under Kikubaaqudgha
 10710 | Bailey   | Noticed an orc knight
 10710 | Bailey   | Noticed an orc knight
 10744 | Bailey   | Killed an orc knight
 10866 | Bailey   | Noticed an orc knight
 10894 | Bailey   | Killed an orc knight
 11043 | Bailey   | Noticed an orc knight
 11058 | Bailey   | Noticed an orc knight
 11060 | Bailey   | Killed an orc knight
 11295 | Bailey   | Killed an orc knight
 11296 | Bailey   | Reached skill level 12 in Necromancy
 11454 | Bailey   | Noticed an orc knight
 11483 | Bailey   | Killed an orc knight
 11484 | Bailey   | Reached skill level 10 in Spellcasting
 11614 | Bailey   | Killed an orc knight
 12031 | D:8      | Found a viscous altar of Jiyva.
 12037 | D:8      | Reached XP level 11. HP: 87/87 MP: 20/25
 12211 | D:8      | Noticed Psyche
 12338 | D:8      | Reached *** piety under Kikubaaqudgha
 12338 | D:8      | Received a gift from Kikubaaqudgha
 12665 | D:8      | Killed Psyche
 12896 | D:8      | Acquired the +2 pair of boots "Amnirhui" {rElec}
 13033 | D:9      | Learned a level 5 spell: Borgnjor's Vile Clutch
 13789 | D:10     | Reached skill level 13 in Necromancy
 13789 | D:10     | Reached skill level 1 in Earth Magic
 13858 | D:10     | Found a staircase to the Lair.
 13905 | D:10     | Reached **** piety under Kikubaaqudgha
 14013 | D:10     | Learned a level 4 spell: Dispel Undead
 14026 | D:10     | Learned a level 5 spell: Excruciating Wounds
 14059 | D:10     | Noticed Josephine
 14070 | D:10     | Killed Josephine
 14071 | D:10     | Reached skill level 1 in Short Blades
 14219 | D:10     | Noticed a brown ugly thing
 14233 | D:10     | Killed a brown ugly thing
 14494 | D:10     | Noticed a two-headed ogre
 14522 | D:10     | Killed a two-headed ogre
 14658 | D:10     | Acquired a staff of death
 14926 | D:10     | Found a runed translucent door.
 14926 | D:10     | Found a shimmering altar of Xom.
 14926 | D:10     | Noticed Mageowned's ghost (journeyman MiBe)
 14927 | D:10     | Noticed a +1 quarterstaff of chaos
 14938 | D:10     | Killed a +1 quarterstaff of chaos
 14944 | D:10     | Killed Mageowned's ghost
 15269 | D:11     | Reached XP level 12. HP: 76/95 MP: 27/27
 15687 | D:11     | Found a staircase to the Orcish Mines.
 16403 | D:12     | Got the Catalogue of Flames and Orientation
 16439 | D:12     | Noticed a five-headed hydra
 16449 | D:12     | Killed a five-headed hydra
 16867 | D:12     | Found a radiant altar of Vehumet.
 17121 | Lair:1   | Entered Level 1 of the Lair of Beasts
 17205 | Lair:1   | Noticed a six-headed hydra
 17213 | Lair:1   | Killed a six-headed hydra
 17214 | Lair:1   | Reached skill level 14 in Necromancy
 17560 | Lair:1   | Noticed a four-headed hydra
 17569 | Lair:1   | Killed a four-headed hydra
 17570 | Lair:1   | Reached skill level 5 in Earth Magic
 17595 | Lair:1   | Slain by a cane toad

Illustrated notes

Levels and vault maps discovered:
D:1:      elethiomel_arrival_maze, layout_basic, serial_shops, shop,
          shapermc_ecumenical_altar_mp_vishouse, minmay_pentomino_v2
D:2:      layout_basic, minmay_misc_feat_alley, minmay_misc_feat_iff,
          minmay_tripent, uniq_natasha
D:3:      layout_rooms, uniq_grinder, uniq_sigmund
D:4:      layout_loops_corners
D:5:      layout_cave_pods, temple_doors_cd, minmay_statues_item
D:6:      layout_cave_pools, nemelex_dance_club_becter
D:7:      layout_loops_ring, uniq_crazy_yiuf_cottage
D:8:      nicolae_cairo_tiling, layout_basic, corexii_checkpoint_a,
          jiyva_altar_1, uniq_psyche
D:9:      layout_loops_cross, enter_bailey_5
D:10:     layout_basic, erik_lair_island, ebering_ghost_xom, uniq_josephine
D:11:     layout_roguey, david_orc_1_choice, nicolae_tso_carved_into_rock
D:12:     layout_roguey, vehumet_statue
Temple:   mainiacjoe_temple_circle_huts
Lair:1:   layout_long_grid, uniq_joseph

Skill      XL: |  1  2  3  4  5  6  7  8  9 10 11 12 |
---------------+-------------------------------------+-----
Spellcasting   | 3 4 5 6 7 8 10 11 | 11.8
Fighting       | 1 2 3 4 5 7 8 9 |  9.7
Necromancy     | 5 6 7 9 10 12 13 14 | 14.2
Dodging        | 2 |  2.6
Earth Magic    | 3 5 |  5.1
Short Blades   | 3 4 |  4.7
Stealth        | |  1.5

Action                   |  1- 3 |  4- 6 |  7- 9 | 10-12 || total
-------------------------+-------+-------+-------+-------++-------
Melee: Dagger            |     6 |    38 |    35 |       ||    79
       Mace              |       |       |    33 |       ||    33
       Rapier            |       |       |   178 |   588 ||   766
       Falchion          |       |       |    70 |       ||    70
       Staff             |       |       |       |     2 ||     2
Throw: Boomerang         |     2 |     2 |     6 |       ||    10
       Dart              |       |       |    13 |     9 ||    22
 Cast: Pain              |    67 |   118 |   131 |   149 ||   465
       Animate Dead      |       |     2 |     2 |     5 ||     9
       Vampiric Draining |       |     1 |    42 |   108 ||   151
       Agony             |       |       |     1 |    11 ||    12
       Dispel Undead     |       |       |       |    17 ||    17
       Borgnjor's Vile C |       |       |       |    13 ||    13
       Excruciating Woun |       |       |       |    11 ||    11
Evoke: Wand              |       |       |     6 |       ||     6
  Use: Scroll            |       |     1 |     6 |     4 ||    11
 Stab: Sleeping          |       |     5 |       |       ||     5
       Distracted        |       |       |     2 |     1 ||     3
Armor: Robe              |     2 |    13 |    52 |       ||    67
       Troll leather arm |       |       |    80 |   288 ||   368
       Steam dragon scal |       |       |     3 |       ||     3
Dodge: Dodged            |     6 |    29 |   268 |   473 ||   776
Block: Other             |       |     2 |   124 |   198 ||   324
       Reflection        |       |       |     7 |     1 ||     8
       Orb               |       |       |     1 |       ||     1

Table legend: (Time is in decaauts)
 A = Elapsed time spent in this place.
 B = Non-inter-level travel time spent in this place.
 C = Inter-level travel time spent in this place.
 D = Time resting spent in this place.
 E = Time spent auto-exploring this place.
 F = Levels seen in this place.
 G = Mean time per level.
                   A        B        C        D        E       F      G
               +--------+--------+--------+--------+--------+-----+--------+
         Total |  17499 |  16842 |    657 |   5149 |   6097 |  17 | 1029.4 |
       Dungeon |  15225 |  14616 |    609 |   4387 |   5463 |  12 | 1268.8 |
        Temple |    347 |    299 |     48 |      0 |    277 |   1 |  347.0 |
          Lair |    465 |    465 |      0 |     62 |    260 |   1 |  465.0 |
         Abyss |     94 |     94 |      0 |     30 |      0 |   2 |   47.0 |
        Bailey |   1366 |   1366 |      0 |    670 |     97 |   1 | 1366.0 |
               +--------+--------+--------+--------+--------+-----+--------+

Top non-repeatable levels by time:
     D:5: 1989 daAuts
    D:10: 1835 daAuts
     D:8: 1581 daAuts
     D:2: 1479 daAuts
  Bailey: 1366 daAuts
     D:6: 1315 daAuts
     D:4: 1300 daAuts
     D:9: 1241 daAuts
     D:1: 1132 daAuts
    D:11: 1005 daAuts
     D:7: 885 daAuts
    D:12: 854 daAuts
     D:3: 605 daAuts
  Lair:1: 465 daAuts
  Temple: 347 daAuts
